AoeStats
← Call_For_HD

Oasis

507153212Analyzed
3v3 RM · 16d ago on Sep 16, 2026· 48m 17s· 6 players
Game mode
Random Map
Map size
Normal (6 player)
Population
200
Speed
Normal
Resources
Standard
Victory
Conquest
Starting age
Dark Age
Ending age
Imperial Age
RankedLock teamsTeams togetherTeam positionsShared explorationLock speedFull tech treeHidden civsTurbo modeCheats
Victory
Defeat
🇩🇪 Teutons · Germany
867
+12
🇩🇪 Khmer · Germany
818
+14
🇩🇪 Gurjaras · Germany
802
+16
🇩🇪 Japanese · Germany
799
-15
🇬🇧 Byzantines · United Kingdom
776
-31
🇧🇷 Byzantines · Brazil
770
-13
troopix
2:53 Loom
15:03 Feudal Age
15:29 Double-Bit Axe
15:27 Horse Collar
19:55 Castle Age
21:08 Heavy Plow
21:18 Stone Mining
22:41 Bow Saw
23:10 Gold Mining
24:31 Wheelbarrow
26:50 Hand Cart
28:31 Pikeman
29:11 Squires
30:46 Ballistics
32:07 Forging
31:58 Scale Mail Armor
32:51 Padded Archer Armor
32:41 Fletching
35:45 Imperial Age
33:52 Chain Mail Armor
34:19 Iron Casting
33:39 Fletching
34:08 Fervor
34:04 Caravan
35:21 Leather Archer Armor
35:04 Bodkin Arrow
35:58 Gold Shaft Mining
34:54 Elite Skirmisher
35:52 Thumb Ring
37:30 Chemistry
37:35 Blast Furnace
37:39 Two-Man Saw
36:45 Bracer
37:48 Conscription
37:52 Kataparuto
38:46 Husbandry
38:57 Bloodlines
38:17 Onager
39:54 Siege Engineers
40:24 Ring Archer Armor
41:01 Plate Mail Armor
40:28 Halberdier
41:24 Cavalier
43:53 Scale Barding Armor
45:23 Chain Barding Armor
Call_For_HD
13:26 Feudal Age
14:49 Wheelbarrow
20:55 Castle Age
23:21 Hand Cart
39:36 Imperial Age
37:50 Husbandry
39:41 Cavalier
41:18 Paladin
Iaguinho Ohh+ Brabo
10:01 Feudal Age
12:57 Double-Bit Axe
15:00 Gold Mining
18:44 Scale Barding Armor
23:13 Castle Age
23:37 Forging
23:59 Husbandry
25:15 Iron Casting
27:04 Bow Saw
27:31 Gold Shaft Mining
28:30 Stone Mining
28:23 Horse Collar
33:55 Wheelbarrow
36:55 Imperial Age
35:26 Chain Barding Armor
36:56 Heavy Plow
38:03 Conscription
38:41 Stone Shaft Mining
39:12 Two-Man Saw
38:58 Plate Barding Armor
39:16 Squires
38:37 Pikeman
41:30 Chemistry
40:49 Scale Mail Armor
41:45 Hand Cart
42:00 Elite Cataphract
43:16 Halberdier
Arvin Veels
6:19 Loom
12:49 Feudal Age
16:40 Castle Age
16:57 Double-Bit Axe
16:57 Horse Collar
17:49 Bow Saw
17:44 Heavy Plow
26:21 Pikeman
29:28 Caravan
31:07 Wheelbarrow
30:50 Town Watch
35:25 Imperial Age
34:44 Hand Cart
37:18 Ballistics
37:09 Masonry
37:10 Fortified Wall
36:56 Murder Holes
36:43 Man-at-Arms
37:09 Arson
37:56 Double Crossbow
38:17 Conscription
37:30 Heavy Scorpion
37:33 Capped Ram
41:03 Siege Engineers
41:59 Chemistry
41:12 Forging
41:02 Scale Mail Armor
40:25 Halberdier
40:26 Long Swordsman
41:54 Tusk Swords
41:27 Siege Ram
43:30 Crop Rotation
43:40 Hoardings
47:20 Elite Ballista Elephant
Cpt Mabutix
12:10 Feudal Age
17:40 Double-Bit Axe
25:02 Castle Age
24:35 Scale Barding Armor
24:40 Forging
26:13 Scale Mail Armor
26:00 Horse Collar
27:00 Wheelbarrow
29:19 Kshatriyas
32:29 Imperial Age
31:38 Iron Casting
31:23 Chain Barding Armor
34:56 Heavy Camel Rider
35:37 Husbandry
35:48 Bloodlines
39:31 Elite Chakram Thrower
40:58 Bow Saw
42:29 Plate Barding Armor
Onix <3
10:33 Loom
12:19 Feudal Age
16:28 Castle Age
20:02 Double-Bit Axe
20:00 Horse Collar
23:25 Heavy Plow
23:38 Bow Saw
24:30 Wheelbarrow
24:51 Stone Mining
24:52 Gold Mining
28:51 Hand Cart
28:22 Town Watch
29:28 Forging
29:22 Scale Mail Armor
29:44 Masonry
32:10 Imperial Age
29:35 Man-at-Arms
29:36 Pikeman
31:27 Stone Shaft Mining
30:43 Long Swordsman
31:09 Gambesons
31:24 Squires
31:10 Arson
32:04 Iron Casting
31:21 Fletching
31:50 Chain Mail Armor
32:51 Town Patrol
33:34 Crop Rotation
34:09 Two-Man Saw
34:14 Chemistry
33:26 Fortified Wall
33:22 Siege Engineers
32:50 Two-Handed Swordsman
35:40 Blast Furnace
35:11 Plate Mail Armor
34:06 Halberdier
35:17 Champion
39:39 Ballistics
40:39 Conscription
44:30 Crossbowman
46:56 Fletching
47:07 Padded Archer Armor
Connection lost

Rejoining the realm…

Still unreachable

The connection could not be restored.

Session expired

The server has moved on; the page needs a fresh start.